PBL
HAMILTON CARDINALS @ TROIS-RIVERES AIGLES
10/10/2048
 
TOP OF THE 1ST
Hamilton Cardinals batting - Pitching for Trois-Riveres Aigles : LHP Scott Drouin
Pitching: LHP Scott Drouin
Batting: LHB Danny Cuate 0-0: Ball
1-0: Ball
2-0: Ball
3-0: Called Strike
3-1: Base on Balls
Batting: LHB Nick Cavero 0-0: Ball
Danny Cuate steals 2nd base (no throw)
1-0: Swinging Strike
1-1: Ball
2-1: Foul Ball, location: 2F
2-2: SINGLE (Line Drive, 9LS, EV 107.5 MPH)
Danny Cuate to third
Batting: RHB Jason Sher 0-0: Fielders Choice at 2nd, 5-4 (Groundball, 56S, EV 85.6 MPH)
Danny Cuate scores
Batting: SHB Willie Cantu 0-0: Ball
1-0: Ball
2-0: Swinging Strike
2-1: Called Strike
2-2: Foul Ball, location: 2F
2-2: Strikes out looking
Batting: RHB Bill Rodriguez 0-0: Ball
Jason Sher steals 2nd base (no throw)
1-0: Ball
2-0: Fly out, F6 (Line Drive, 6, EV 70.0 MPH)
Top of the 1st over - 1 run, 1 hit, 0 errors, 1 left on base; Hamilton 1 - Trois-Riveres 0
BOTTOM OF THE 1ST
Trois-Riveres Aigles batting - Pitching for Hamilton Cardinals : RHP Girolamo Evangelista
Pitching: RHP Girolamo Evangelista
Batting: RHB Will Walker 0-0: Ground out 5-3 (Groundball, 56, EV 106.3 MPH)
Batting: RHB Chris Petersen 0-0: Called Strike
0-1: Ground out 6-3 (Groundball, 6, EV 85.6 MPH)
Batting: RHB Shinji Aizawa 0-0: Called Strike
0-1: SINGLE (Groundball, 2L, EV 71.3 MPH) (infield hit)
Batting: LHB Robin More 0-0: Fly out, F8 (Flyball, 8RS, EV 93.8 MPH)
Bottom of the 1st over - 0 runs, 1 hit, 0 errors, 1 left on base; Hamilton 1 - Trois-Riveres 0
TOP OF THE 2ND
Hamilton Cardinals batting - Pitching for Trois-Riveres Aigles : LHP Scott Drouin
Batting: LHB Christian Dean 0-0: Ball
1-0: Called Strike
1-1: Swinging Strike
1-2: Ground out 6-3 (Groundball, 6, EV 89.4 MPH)
Batting: LHB Edwin Pabon 0-0: Ground out 4-3 (Groundball, 4, EV 81.9 MPH)
Batting: SHB Tom Toscano 0-0: Swinging Strike
0-1: SINGLE (Line Drive, 4MD, EV 105.6 MPH)
Batting: RHB Jeremy Melvin 0-0: Fly out, F7 (Flyball, 7, EV 77.5 MPH)
Top of the 2nd over - 0 runs, 1 hit, 0 errors, 1 left on base; Hamilton 1 - Trois-Riveres 0
BOTTOM OF THE 2ND
Trois-Riveres Aigles batting - Pitching for Hamilton Cardinals : RHP Girolamo Evangelista
Batting: RHB Scott Medina 0-0: Swinging Strike
0-1: Ball
1-1: Foul Ball, location: 2F
1-2: Ball
2-2: Ball
3-2: Foul Ball, location: 2F
3-2: Reached on error, E6 (Groundball, 6, EV 84.4 MPH)
Batting: RHB Elias Gonzales 0-0: Called Strike
0-1: Foul Ball, location: 2F
0-2: Ball
1-2: Foul Ball, location: 2F
1-2: Ball
2-2: Ball
3-2: Base on Balls
Scott Medina to second
Batting: RHB Ulbrecht Bernstein 0-0: Called Strike
0-1: Fly out, F9 (Flyball, 9LMF, EV 83.8 MPH)
Batting: RHB Pat Hopkins 0-0: Called Strike
0-1: Called Strike
0-2: Foul Ball, location: 2F
0-2: Ball
1-2: Fielders Choice at 2nd, 6-4 (Groundball, 6M, EV 88.1 MPH)
Scott Medina to third
Batting: RHB Rob Parsons 0-0: Ball
1-0: Ball
2-0: Ground out 5-3 (Groundball, 56S, EV 86.9 MPH)
Bottom of the 2nd over - 0 runs, 0 hits, 1 error, 2 left on base; Hamilton 1 - Trois-Riveres 0
TOP OF THE 3RD
Hamilton Cardinals batting - Pitching for Trois-Riveres Aigles : LHP Scott Drouin
Batting: LHB Danny Cuate 0-0: Ball
1-0: Ball
2-0: Ball
3-0: Called Strike
3-1: Ground out 4-3 (Groundball, 4, EV 86.9 MPH)
Batting: LHB Nick Cavero 0-0: Ball
1-0: Ball
2-0: Foul Ball, location: 2F
2-1: Ball
3-1: Base on Balls
Batting: RHB Jason Sher 0-0: Fly out, F7 (Flyball, 78D, EV 101.3 MPH)
Batting: SHB Willie Cantu 0-0: Called Strike
0-1: Called Strike
0-2: Foul Ball, location: 2F
0-2: Ball
1-2: Ball
2-2: DOUBLE (Line Drive, 5D, EV 99.4 MPH)
Nick Cavero to third
Nick Cavero scores
Batting: RHB Bill Rodriguez 0-0: Called Strike
0-1: Ball
1-1: Ball
2-1: Ball
3-1: DOUBLE (Line Drive, 9LM, EV 105.6 MPH)
Willie Cantu scores
Batting: LHB Christian Dean 0-0: Ball
1-0: SINGLE (Line Drive, 89S, EV 97.5 MPH)
Bill Rodriguez to third
Runner from 3rd tries for Home, SAFE, throw by RF to home
Christian Dean to second
Batting: LHB Edwin Pabon 0-0: Ball
1-0: Ball
2-0: Ball
3-0: Called Strike
3-1: Base on Balls
Batting: SHB Tom Toscano 0-0: Fielders Choice at 2nd, 6-4 (Groundball, 6, EV 82.5 MPH)
Top of the 3rd over - 3 runs, 3 hits, 0 errors, 2 left on base; Hamilton 4 - Trois-Riveres 0
BOTTOM OF THE 3RD
Trois-Riveres Aigles batting - Pitching for Hamilton Cardinals : RHP Girolamo Evangelista
Batting: RHB Will Walker 0-0: Ball
1-0: Ball
2-0: Fly out, F9 (Flyball, 89M, EV 85.0 MPH)
Batting: RHB Chris Petersen 0-0: SOLO HOME RUN (Flyball, 7D, EV 105.6 MPH), Distance : 394 ft
Batting: RHB Shinji Aizawa 0-0: Called Strike
0-1: Ball
1-1: DOUBLE (Line Drive, 7LS, EV 108.1 MPH)
Batting: LHB Robin More 0-0: Ball
1-0: Ball
2-0: Fly out, F8 (Line Drive, 8LM, EV 95.0 MPH)
Batting: RHB Scott Medina 0-0: Ball
1-0: Foul Ball, location: 2F
1-1: Foul Ball, location: 2F
1-2: Strikes out swinging
Bottom of the 3rd over - 1 run, 2 hits, 0 errors, 1 left on base; Hamilton 4 - Trois-Riveres 1
TOP OF THE 4TH
Hamilton Cardinals batting - Pitching for Trois-Riveres Aigles : LHP Scott Drouin
Batting: RHB Jeremy Melvin 0-0: Ball
1-0: Ball
2-0: Ground out 1-3 (Groundball, 15, EV 90.6 MPH)
Pitching: RHP Jose Arango
Batting: LHB Danny Cuate 0-0: Called Strike
0-1: Ball
1-1: Ground out 4-3 (Groundball, 4, EV 98.8 MPH)
Batting: LHB Nick Cavero 0-0: Called Strike
0-1: Foul Ball, location: 2F
0-2: Foul Ball, location: 2F
0-2: SINGLE (Groundball, 34, EV 103.1 MPH) (infield hit)
Batting: RHB Jason Sher 0-0: Called Strike
0-1: Swinging Strike
0-2: Ball
1-2: Hit by Pitch
Nick Cavero to second
Batting: SHB Willie Cantu 0-0: Ball
1-0: Ball
2-0: Called Strike
2-1: Foul Ball, location: 2F
2-2: Ball
3-2: Foul Ball, location: 2F
3-2: Base on Balls
Nick Cavero to third
Jason Sher to second
Batting: RHB Bill Rodriguez 0-0: Ball
1-0: Called Strike
1-1: Swinging Strike
1-2: Ball
2-2: Ball
3-2: SINGLE (Groundball, 6MD, EV 98.1 MPH)
Nick Cavero scores
Jason Sher to third
Willie Cantu to second
Jason Sher scores
Willie Cantu to third
Pitching: RHP Juan Hernandez
Batting: LHB Christian Dean 0-0: Ball
1-0: SINGLE (Flyball, 8LS, EV 96.9 MPH)
Willie Cantu scores
Bill Rodriguez to second
Runner from 2nd tries for 3rd, SAFE, throw by CF made to third
Batting: LHB Edwin Pabon 0-0: Foul Ball, location: 2F
0-1: Ball
1-1: Foul Ball, location: 2F
1-2: Ground out 4-3 (Groundball, 34, EV 101.9 MPH)
Top of the 4th over - 3 runs, 3 hits, 0 errors, 2 left on base; Hamilton 7 - Trois-Riveres 1
BOTTOM OF THE 4TH
Trois-Riveres Aigles batting - Pitching for Hamilton Cardinals : RHP Girolamo Evangelista
Batting: RHB Elias Gonzales 0-0: Reached on error, E6 (Groundball, 6, EV 91.3 MPH)
Batting: RHB Ulbrecht Bernstein 0-0: Called Strike
0-1: Ball
Passed Ball!
Elias Gonzales to second
1-1: Swinging Strike
1-2: Foul Ball, location: 2F
1-2: Ball
2-2: Fly out, F9 (Flyball, 89M, EV 87.5 MPH)
Batting: RHB Pat Hopkins 0-0: Ground out 3-1 (Groundball, 34, EV 101.9 MPH)
Elias Gonzales to third
Batting: RHB Rob Parsons 0-0: Fly out, F9 (Flyball, 9S, EV 90.6 MPH)
Bottom of the 4th over - 0 runs, 0 hits, 1 error, 1 left on base; Hamilton 7 - Trois-Riveres 1
TOP OF THE 5TH
Hamilton Cardinals batting - Pitching for Trois-Riveres Aigles : RHP Juan Hernandez
Batting: SHB Tom Toscano 0-0: Called Strike
0-1: SOLO HOME RUN (Flyball, 9LD, EV 101.9 MPH), Distance : 353 ft
Batting: RHB Jeremy Melvin 0-0: Called Strike
0-1: Foul Ball, location: 2F
0-2: Fly out, F7 (Flyball, 7S, EV 94.4 MPH)
Batting: LHB Danny Cuate 0-0: Ball
1-0: Called Strike
1-1: Fly out, F7 (Flyball, 78D, EV 88.1 MPH)
Batting: LHB Nick Cavero 0-0: Called Strike
0-1: Ball
1-1: Foul Ball, location: 2F
1-2: Ball
2-2: DOUBLE (Line Drive, 8RXD, EV 100.6 MPH)
Batting: RHB Jason Sher 0-0: Called Strike
0-1: Ball
1-1: Ball
Wild Pitch!
Nick Cavero to third
2-1: Ball
3-1: Base on Balls
Batting: SHB Willie Cantu 0-0: Called Strike
Jason Sher steals 2nd base
0-1: Ball
1-1: Called Strike
1-2: Ball
2-2: Foul Ball, location: 2F
2-2: Ball
3-2: SINGLE (Line Drive, 78S, EV 111.9 MPH)
Nick Cavero scores
Jason Sher to third
Jason Sher scores
Batting: RHB Bill Rodriguez 0-0: Ball
1-0: Called Strike
1-1: Foul Ball, location: 2F
1-2: SINGLE (Groundball, 4S, EV 67.5 MPH) (infield hit)
Willie Cantu to second
Batting: LHB Christian Dean 0-0: SINGLE (Line Drive, 78S, EV 106.9 MPH)
Willie Cantu to third
Bill Rodriguez to second
Runner from 3rd tries for Home, SAFE, no throw by LF
Pitching: RHP Nick Jones
Batting: LHB Edwin Pabon 0-0: Ball
1-0: Fly out, F9 (Flyball, 89S, EV 85.0 MPH)
Top of the 5th over - 4 runs, 5 hits, 0 errors, 2 left on base; Hamilton 11 - Trois-Riveres 1
BOTTOM OF THE 5TH
Trois-Riveres Aigles batting - Pitching for Hamilton Cardinals : RHP Girolamo Evangelista
Batting: RHB Will Walker 0-0: Called Strike
0-1: Foul Ball, location: 2F
0-2: Foul Ball, location: 2F
0-2: Ball
1-2: Foul Ball, location: 2F
1-2: Ball
2-2: Foul Ball, location: 2F
2-2: Ball
3-2: Foul Ball, location: 2F
3-2: Ground out U3 (Groundball, 3, EV 79.4 MPH)
Batting: RHB Chris Petersen 0-0: Called Strike
0-1: Ball
1-1: Ball
2-1: Ground out 1-3 (Groundball, 13, EV 66.3 MPH)
Batting: RHB Shinji Aizawa 0-0: Called Strike
0-1: Ball
1-1: Ball
2-1: DOUBLE (Line Drive, 9LD, EV 97.5 MPH)
Batting: LHB Robin More 0-0: Ball
1-0: Called Strike
1-1: 2-RUN HOME RUN (Flyball, 78XD, EV 109.4 MPH), Distance : 440 ft
Batting: RHB Scott Medina 0-0: Foul Ball, location: 2F
0-1: Foul Ball, location: 2F
0-2: Ball
1-2: Fly out, F9 (Flyball, 89S, EV 78.8 MPH)
Bottom of the 5th over - 2 runs, 2 hits, 0 errors, 0 left on base; Hamilton 11 - Trois-Riveres 3
TOP OF THE 6TH
Hamilton Cardinals batting - Pitching for Trois-Riveres Aigles : RHP Nick Jones
Batting: SHB Tom Toscano 0-0: Ball
1-0: Called Strike
1-1: Ball
2-1: Swinging Strike
2-2: Ground out 5-3 (Groundball, 56, EV 107.5 MPH)
Batting: RHB Jeremy Melvin 0-0: Fly out, F8 (Line Drive, 8LD, EV 92.5 MPH)
Batting: LHB Danny Cuate 0-0: Called Strike
0-1: Ball
1-1: Foul Ball, location: 2F
1-2: Ground out 5-3 (Groundball, 56S, EV 90.6 MPH)
Top of the 6th over - 0 runs, 0 hits, 0 errors, 0 left on base; Hamilton 11 - Trois-Riveres 3
BOTTOM OF THE 6TH
Trois-Riveres Aigles batting - Pitching for Hamilton Cardinals : RHP Girolamo Evangelista
Batting: RHB Elias Gonzales 0-0: Ball
1-0: SINGLE (Groundball, 56D, EV 102.5 MPH)
Pitching: RHP Tony Acero
Batting: RHB Ulbrecht Bernstein 0-0: Ball
1-0: Ball
2-0: Swinging Strike
2-1: Fly out, F9 (Flyball, 89S, EV 88.8 MPH)
Batting: RHB Pat Hopkins 0-0: Called Strike
0-1: Fly out, F7 (Flyball, 7LM, EV 81.3 MPH)
Batting: RHB Rob Parsons 0-0: Called Strike
0-1: Ball
1-1: Ball
2-1: Foul Ball, location: 2F
2-2: 2-RUN HOME RUN (Flyball, 7D, EV 108.8 MPH), Distance : 394 ft
Batting: RHB Will Walker 0-0: Called Strike
0-1: Ball
1-1: Ball
2-1: SINGLE (Line Drive, 9LS, EV 97.5 MPH)
Batting: RHB Chris Petersen 0-0: Ball
1-0: Ball
2-0: Called Strike
2-1: Fielders Choice at 2nd, 5-4 (Groundball, 56, EV 81.9 MPH)
Bottom of the 6th over - 2 runs, 3 hits, 0 errors, 1 left on base; Hamilton 11 - Trois-Riveres 5
TOP OF THE 7TH
Hamilton Cardinals batting - Pitching for Trois-Riveres Aigles : RHP Nick Jones
Batting: LHB Nick Cavero 0-0: Fly out, F7 (Flyball, 78S, EV 86.9 MPH)
Batting: RHB Jason Sher 0-0: Called Strike
0-1: Ball
1-1: SINGLE (Groundball, 56D, EV 103.8 MPH)
Batting: SHB Willie Cantu 0-0: Ball
1-0: Fly out, F6 (Popup, 56, EV 59.4 MPH)
Batting: RHB Bill Rodriguez 0-0: Ball
Jason Sher is caught stealing 2nd base 2-4
Top of the 7th over - 0 runs, 1 hit, 0 errors, 0 left on base; Hamilton 11 - Trois-Riveres 5
BOTTOM OF THE 7TH
Trois-Riveres Aigles batting - Pitching for Hamilton Cardinals : RHP Tony Acero
Batting: RHB Shinji Aizawa 0-0: Foul Ball, location: 2F
0-1: Ball
1-1: Ball
2-1: Ball
3-1: Called Strike
3-2: Strikes out swinging, 2-3 out at first.
Batting: LHB Robin More 0-0: Ball
1-0: Ball
2-0: SOLO HOME RUN (Flyball, 8RXD, EV 95.0 MPH), Distance : 458 ft
Batting: RHB Scott Medina 0-0: Ball
1-0: Fly out, F9 (Flyball, 9S, EV 85.0 MPH)
Batting: RHB Elias Gonzales 0-0: Ball
1-0: Ball
2-0: Foul Ball, location: 2F
2-1: Ball
3-1: Foul Ball, location: 2F
3-2: Foul Ball, location: 2F
3-2: Strikes out swinging
Bottom of the 7th over - 1 run, 1 hit, 0 errors, 0 left on base; Hamilton 11 - Trois-Riveres 6
TOP OF THE 8TH
Hamilton Cardinals batting - Pitching for Trois-Riveres Aigles : RHP Nick Jones
Batting: RHB Bill Rodriguez 0-0: Ball
1-0: Ball
2-0: Ball
3-0: Called Strike
3-1: Foul Ball, location: 2F
3-2: Foul Ball, location: 7LSF, Error on foul ball, E7
3-2: SINGLE (Line Drive, 8RS, EV 100.6 MPH)
Batting: LHB Christian Dean 0-0: Ball
1-0: Ball
2-0: SINGLE (Popup, 3D, EV 52.5 MPH)
Bill Rodriguez to second
Batting: LHB Edwin Pabon 0-0: Ball
1-0: Foul Ball, location: 2F
1-1: Called Strike
1-2: Ball
2-2: Foul Ball, location: 2F
2-2: Foul Ball, location: 2F
2-2: Foul Ball, location: 2F
2-2: Ball
3-2: Grounds into double play, 6-4-3 (Groundball, 6, EV 84.4 MPH)
Bill Rodriguez to third
Batting: SHB Tom Toscano 0-0: Swinging Strike
0-1: Ball
1-1: Ground out 5-3 (Groundball, 56, EV 103.8 MPH)
Top of the 8th over - 0 runs, 2 hits, 1 error, 1 left on base; Hamilton 11 - Trois-Riveres 6
BOTTOM OF THE 8TH
Trois-Riveres Aigles batting - Pitching for Hamilton Cardinals : RHP Tony Acero
Batting: RHB Ulbrecht Bernstein 0-0: Ball
1-0: Swinging Strike
1-1: Ball
2-1: Ball
3-1: Called Strike
3-2: Fly out, F7 (Flyball, 7S, EV 91.9 MPH)
Batting: RHB Pat Hopkins 0-0: Ball
1-0: Foul Ball, location: 2F
1-1: Ball
2-1: Foul Ball, location: 2F
2-2: Ball
3-2: Strikes out looking
Batting: RHB Rob Parsons 0-0: Called Strike
0-1: Ball
1-1: Ball
2-1: Called Strike
2-2: Ground out 1-3 (Groundball, P, EV 85.0 MPH)
Bottom of the 8th over - 0 runs, 0 hits, 0 errors, 0 left on base; Hamilton 11 - Trois-Riveres 6
TOP OF THE 9TH
Hamilton Cardinals batting - Pitching for Trois-Riveres Aigles : RHP Nick Jones
Batting: RHB Jeremy Melvin 0-0: Ball
1-0: Swinging Strike
1-1: Swinging Strike
1-2: Ground out 6-3 (Groundball, 6, EV 103.8 MPH)
Batting: LHB Danny Cuate 0-0: Ball
1-0: Swinging Strike
1-1: Ground out 4-3 (Groundball, 4, EV 80.0 MPH)
Batting: LHB Nick Cavero 0-0: Ball
1-0: SINGLE (Line Drive, 34, EV 95.0 MPH)
Batting: RHB Jason Sher 0-0: Fly out, F7 (Flyball, 78S, EV 81.9 MPH)
Top of the 9th over - 0 runs, 1 hit, 0 errors, 1 left on base; Hamilton 11 - Trois-Riveres 6
BOTTOM OF THE 9TH
Trois-Riveres Aigles batting - Pitching for Hamilton Cardinals : RHP Tony Acero
Pitching: LHP Victor Reyes
Batting: RHB Will Walker 0-0: Called Strike
0-1: Reached on error, E6 (Groundball, 56, EV 103.8 MPH)
Batting: RHB Chris Petersen 0-0: Ball
1-0: SINGLE (Groundball, 4MD, EV 97.5 MPH)
Will Walker to third
Batting: RHB Shinji Aizawa 0-0: Called Strike
0-1: Swinging Strike
0-2: Ball
Passed Ball!
Will Walker scores
Chris Petersen to second
1-2: Ground out 4-3 (Groundball, 4, EV 91.3 MPH)
Chris Petersen to third
Batting: LHB Robin More 0-0: Ball
1-0: Ball
2-0: Ball
Wild Pitch!
Chris Petersen scores
3-0: Base on Balls
Pitching: RHP Tony Campos
Batting: RHB Scott Medina 0-0: Called Strike
0-1: Ball
1-1: SINGLE (Groundball, 34D, EV 94.4 MPH)
Robin More to second
Pinch Hitting: SHB John Morgan 0-0: Ball
1-0: Foul Ball, location: 2F
1-1: Ball
2-1: Ball
3-1: DOUBLE (Flyball, 8LXD, EV 109.4 MPH)
Robin More scores
Scott Medina to third
Batting: RHB Ulbrecht Bernstein 0-0: Called Strike
0-1: Ground out 6-3 (Groundball, 6S, EV 79.4 MPH)
Scott Medina scores
Pinch Hitting: RHB Dermott Kennelly 0-0: Called Strike
0-1: Ball
1-1: Foul Ball, location: 2F
1-2: Ball
2-2: Ball
3-2: Base on Balls
Pinch Hitting: RHB Cesar Gutierrez 0-0: Called Strike
0-1: Fielders Choice at 2nd, 6-4 (Groundball, 56, EV 79.4 MPH)
Bottom of the 9th over - 4 runs, 3 hits, 1 error, 2 left on base; Hamilton 11 - Trois-Riveres 10
Tuesday, March 28th , 2023 - OOTP Baseball 23.10 Build 110